 Dungeon Crawl Stone Soup version 0.29.1-15-g9cfb28693d (webtiles) character file.

Game seed: 9701948169970503000

153 promet the Covered (level 5, -4/47 HPs)
             Began as a Minotaur Fighter on Apr 5, 2023.
             Slain by a gnoll
             ... wielding a +0 spear
             ... led by a gnoll bouda
              (8 damage)
             ... on level 3 of the Dungeon.
             The game lasted 00:04:54 (2306 turns).

promet the Covered (Minotaur Fighter)               Turns: 2306, Time: 00:04:54

Health: -4/47      AC:  8    Str: 23    XL:     5   Next: 12%
Magic:  4/4        EV:  9    Int:  5    God:
Gold:   100        SH:  4    Dex:  9    Spells: 4/4 levels left

rFire   . . .      SeeInvis .   a - +0 war axe
rCold   . . .      Faith    .   c - +0 buckler
rNeg    . . .      Spirit   .   b - +0 scale mail
rPois   .          Reflect  .   (helmet restricted)
rElec   .          Harm     .   f - +0 cloak
rCorr   .          Rampage  .   (no gloves)
Will    .....                   (no boots)
Stlth   ..........              (no amulet)
HPRegen 0.15/turn               (no ring)
MPRegen 0.09/turn               (no ring)

@: no status effects
A: horns 2, retaliatory headbutt
a: no special abilities


You were on level 3 of the Dungeon.
You visited 1 branch of the dungeon, and saw 3 of its levels.

You collected 100 gold pieces.

Inventory:

Hand Weapons
 a - a +0 war axe (weapon)
 n - a +1 dagger of holy wrath
Armour
 b - a +0 scale mail (worn)
 c - a +0 buckler (worn)
 f - a +0 cloak (worn)
Jewellery
 h - a ring of flight
Scrolls
 j - a scroll of enchant weapon {unknown}
 k - a scroll of identify {unknown}
 l - a scroll of vulnerability {unknown}
 m - a scroll of butterflies {unknown}
 r - a scroll of teleportation {unknown}
Potions
 d - a potion of might
 e - 4 potions of curing {unknown}
 g - a potion of lignification {unknown}
 i - 2 potions of heal wounds {unknown}
 o - a potion of flight {unknown}
 p - a potion of invisibility {unknown}
 q - a potion of brilliance {unknown}


   Skills:
 + Level 4.4 Fighting
 + Level 4.4 Axes
 + Level 4.6 Armour
 + Level 0.7 Dodging
 + Level 4.3 Shields


You had 4 spell levels left.
You didn't know any spells.
Your spell library was empty.

Dungeon Overview and Level Annotations

Branches:
Dungeon (3/15)

Altars:


Innate Abilities, Weirdness & Mutations

You have a pair of horns on your head.
You reflexively headbutt those who attack you in melee.


Message History

The gnoll hits you from afar with a +0 spear.
The gnoll hits you but does no damage.
The gnoll bouda gazes fiercely through you!
You feel your attacks grow feeble. You block the gnoll bouda's attack.
You hit the gnoll.
The gnoll is severely wounded.
You hit the gnoll bouda. The gnoll completely misses you. x2
The gnoll bouda hits you with a +0 club!
You slash the gnoll!
You kill the gnoll!
You hit the gnoll bouda. The gnoll barely misses you.
The gnoll hits you but does no damage.
You slash the gnoll bouda!
You kill the gnoll bouda!
You closely miss the gnoll. The gnoll hits you but does no damage.
The gnoll hits you from afar with a +0 spear.
The gnoll hits you with a +2 flail of protection.
* * * LOW HITPOINT WARNING * * *
You have reached level 5!
You slash the gnoll!
The gnoll is heavily wounded.
The gnoll hits you but does no damage.
The gnoll hits you with a +2 flail of protection!
* * * LOW HITPOINT WARNING * * *
You closely miss the gnoll. You headbutt the gnoll.
The gnoll is severely wounded.
The gnoll hits you but does no damage. You block the gnoll's attack.
The gnoll hits you from afar with a +0 spear.
* * * LOW HITPOINT WARNING * * *
You hit the gnoll.
You kill the gnoll!
The gnoll hits you from afar with a +0 spear.
* * * LOW HITPOINT WARNING * * *
Your attacks no longer feel as feeble.
The gnoll is no longer moving quickly.
The gnoll barely misses you.
There is a stone staircase leading up here.
The gnoll hits you from afar with a +0 spear!
You die...

.# #.....# .## #.....#
..### #.....# #...######
#.....#
..#......#####.....#
#.#)........##.....#
..)...#.#.#..+.....+
#.##........##.....####.
..###.#.#.#...g.@.......
#...........####.#.#####
......#.#)#... ......
...............(..####
^....####..........
..... #.#.##..####
#.#.#.... ..#.#.#...


You could see a gnoll.

Vanquished Creatures
  A gnoll bouda (D:3)
  Jessica (D:2)
  Robin (D:2)
  4 gnolls
  4 endoplasms (D:1)
  2 giant cockroaches (D:1)
  13 goblins
  2 hobgoblins (D:2)
  2 jackals (D:2)
  3 kobolds
  2 quokkas
  4 ball pythons
  5 bats
  3 rats
47 creatures vanquished.

Notes
Turn   | Place    | Note
-------+----------+-------------------------------------------
     0 | D:1      | promet the Minotaur Fighter began the quest for the Orb.
     0 | D:1      | Reached XP level 1. HP: 19/19 MP: 0/0
   441 | D:1      | Reached XP level 2. HP: 13/27 MP: 1/1
  1019 | D:1      | Reached XP level 3. HP: 33/33 MP: 2/2
  1315 | D:2      | Noticed Jessica
  1329 | D:2      | Killed Jessica
  1637 | D:2      | Noticed Robin
  1640 | D:2      | Reached XP level 4. HP: 40/40 MP: 3/3
  1664 | D:2      | Killed Robin
  2192 | D:2      | Found a faded altar of an unknown god.
  2289 | D:3      | Reached XP level 5. HP: 14/47 MP: 4/4
  2291 | D:3      | HP: 2/47 [gnoll/+0 spear[a gnoll bouda] (5)]
  2306 | D:3      | Slain by a gnoll

Illustrated notes

Levels and vault maps discovered:
D:1:      ebering_trefoil_twist, layout_basic
D:2:      layout_rooms, dreamdust_ecumenical_altar_angels_and_demons,
          uniq_robin, uniq_jessica
D:3:      layout_basic, serial_glass, glass_columns_b, glass_columns_b,
          glass_columns_a, glass_columns_a, glass_columns_a, glass_columns_a,
          glass_columns_b, glass_columns_a, dk_noncrumbling_4, chequers_avenue,
          minmay_misc_feat_nine_boxes, saegor_snake_ambush, uniq_natasha

Skill      XL: |  1  2  3  4 |
---------------+-------------+-----
Armour         | 4 |  4.6
Fighting       | 4 |  4.4
Shields        | 4 |  4.3
Axes           | 3 4 |  4.4
Dodging        | |  0.7

Action                   |  1- 3 |  4- 6 || total
-------------------------+-------+-------++-------
Melee: War axe           |    59 |    38 ||    97
       Headbutt          |     9 |     6 ||    15
Armor: Scale mail        |    39 |    32 ||    71
Dodge: Dodged            |    40 |    26 ||    66
Block: Buckler           |    23 |    13 ||    36
